Map: Hecate LE

Players

stormborn

  • Race: Zerg Zerg
  • League: Platinum
  • Spawn Location: 7:00

아르타니스 - Winner!

  • Race: Protoss Protoss
  • League: Platinum
  • Spawn Location: 1:00

VOD

Have the link to the VOD?

Description

Time

  • Played on: Nov. 2, 2023, 7:33 a.m.
  • Length: 22:12
Show
View Real Time Build Order
Export as new Build Order

stormborn Zerg 

Build Orders: Pool First, Lurkers 

Get SALT Encoding   

  12  0:09  Overlord  
  12  0:15  Drone  
  12  0:19  Drone  
  14  0:43  Drone  
  14  0:44  Spawning Pool  
  14  0:45  Drone  
  15  0:58  Drone  
  15  1:21  Drone  
  15  1:23  Drone, Hatchery  
  16  1:31  Zergling x2  
  17  1:37  Zergling x2  
  18  1:44  Zergling x2  
  19  1:54  Hatchery  
  19  1:57  Drone  
  19  2:10  Drone  
  19  2:13  Extractor  
  19  2:14  Queen  
  21  2:16  Drone  
  22  2:43  Drone  
  22  2:44  Drone x2  
  23  2:55  Overlord  
  23  2:57  Drone x2  
  25  3:08  Queen  
  27  3:13  Zergling x4  
  27  3:16  Drone x2  
  31  3:25  Extractor  
  31  3:27  Drone x3  
  32  3:29  Drone  
  32  3:30  Drone  
  32  3:31  Zergling x2  
  36  3:44  Queen  
  36  3:45  Drone  
  36  3:46  Drone x3  
  42  3:52  Lair  
  40  4:10  Spore Crawler  
  40  4:12  Extractor  
  40  4:13  Extractor  
  40  4:14  Spine Crawler  
  36  4:20  Zergling x6  
  36  4:23  Spore Crawler  
  38  4:36  Zergling x4  
  36  4:39  Drone  
  36  4:40  Drone x5  
  41  4:57  Hydralisk Den  
  40  5:01  Evolution Chamber  
  40  5:04  Evolution Chamber  
  40  5:06  Overlord x2  
  40  5:07  Overlord  
  38  5:08  Drone x3  
  38  5:11  Overseer  
  40  5:34  Drone x4  
  40  5:35  Drone x3  
  47  5:37  Metabolic Boost  
  47  5:40  Muscular Augments  
  47  5:50  Roach Warren  
  47  5:51  Drone x2  
  47  5:52  Drone  
  47  5:54  Drone x2  
  51  6:06  Zerg Ground Armor Level 1  
  51  6:08  Zergling x6  
  51  6:09  Overlord  
  54  6:21  Zergling x2  
  54  6:22  Zergling x10  
  60  6:27  Zerg Missile Weapons Level 1  
  60  6:31  Zergling x6  
  60  6:32  Queen  
  63  6:35  Zergling x4  
  67  6:49  Glial Reconstitution  
  67  6:53  Drone x2  
  69  6:58  Drone  
  69  6:59  Drone, Overlord  
  69  7:00  Overlord  
  71  7:07  Spore Crawler  
  61  7:30  Drone  
  61  7:31  Drone x5  
  61  7:32  Overlord x2  
  61  7:33  Overlord  
  67  7:42  Roach x4  
  67  7:43  Roach x2  
  79  7:48  Lurker Den  
  79  7:50  Drone  
  79  7:54  Hydralisk x2  
  79  7:55  Hydralisk  
  85  7:59  Pneumatized Carapace  
  85  8:11  Hydralisk  
  85  8:12  Hydralisk x2, Extractor  
  90  8:14  Zergling x4, Extractor  
  90  8:15  Zergling x2  
  92  8:22  Overlord x2  
  92  8:39  Drone  
  92  8:40  Drone x2  
  92  8:41  Drone x5  
  98  8:42  Drone  
  98  8:47  Lurker x4  
  105  8:49  Lurker  
  105  8:54  Roach x2  
  105  8:55  Zergling x6  
  113  8:58  Drone  
  113  8:59  Drone x2  
  116  9:07  Zergling x2  
  116  9:08  Zergling x4  
  119  9:14  Zerg Ground Armor Level 2  
  119  9:15  Zerg Missile Weapons Level 2  
  119  9:17  Zergling x6  
  122  9:25  Overlord x2  
  122  9:26  Zergling x2  
  122  9:27  Zergling x4  
  106  9:53  Roach x5  
  105  10:06  Hydralisk  
  105  10:07  Hydralisk x5  
  103  10:11  Hydralisk x3  
  103  10:12  Hydralisk  
  104  10:30  Hydralisk x4  
  112  10:36  Infestation Pit  
  111  10:48  Zergling x4  
  111  10:49  Zergling x10  
  118  10:52  Hatchery  
  118  10:54  Lurker  
  118  10:55  Extractor x2, Lurker x6  
  122  10:58  Zergling x6  
  122  10:59  Zergling x6  
  128  11:10  Zergling x2  
  128  11:11  Zergling x4, Overlord  
  131  11:12  Overlord x2  
  131  11:15  Hive  
  131  11:21  Roach  
  131  11:22  Hydralisk x3  
  131  11:24  Roach x2  
  131  11:25  Roach  
  145  11:37  Roach x3  
  71  12:31  Seismic Spines  
  71  12:33  Zerg Ground Armor Level 3  
  71  12:34  Zerg Missile Weapons Level 3  
  71  12:36  Drone  
  71  12:37  Drone x2  
  71  12:38  Drone x3  
  71  12:39  Drone x2  
  71  12:40  Drone x7  
  71  12:41  Drone x2  
  85  12:51  Hydralisk x5  
  85  12:56  Spore Crawler  
  94  12:58  Extractor  
  94  13:00  Hatchery  
  94  13:03  Extractor  
  91  13:18  Hydralisk x3  
  91  13:19  Hydralisk x3  
  103  13:28  Adaptive Talons  
  103  13:35  Lurker x6  
  103  13:38  Roach x4  
  103  13:39  Hydralisk x4  
  103  13:40  Hydralisk x2  
  129  13:52  Lurker x3  
  132  13:56  Roach x2  
  132  13:57  Roach x2  
  132  13:58  Overlord x2  
  132  13:59  Overlord  
  140  14:12  Drone  
  140  14:13  Drone x6  
  147  14:19  Extractor  
  147  14:20  Hatchery  
  147  14:21  Extractor  
  147  14:23  Spire  
  143  14:26  Roach x3  
  143  14:29  Spore Crawler  
  148  14:46  Roach x4  
  148  14:47  Roach  
  113  15:10  Spire  
  113  15:12  Hydralisk x6  
  113  15:13  Hydralisk  
  126  15:16  Drone x3  
  126  15:19  Drone  
  126  15:20  Drone x8  
  138  15:30  Lurker x3  
  141  15:36  Hydralisk x4  
  141  15:37  Hydralisk  
  151  15:46  Hatchery  
  150  16:01  Lurker  
  150  16:02  Lurker x6  
  157  16:30  Lurker  
  157  16:31  Lurker x4  
  162  16:38  Hydralisk x4  
  170  16:40  Zerg Flyer Weapons Level 1  
  170  16:42  Zerg Flyer Armor Level 1  
  170  16:43  Overseer x3  
  170  16:45  Overseer x4  
  170  16:52  Zerg Melee Weapons Level 1, Ultralisk Cavern  
  169  16:56  Overseer x2, Baneling Nest  
  169  16:57  Zergling x4  
  169  16:58  Zergling x12  
  170  17:20  Hatchery  
  169  17:33  Hydralisk x4  
  169  17:35  Zergling x4  
  169  17:36  Zergling x20  
  172  17:57  Roach x3  
  172  17:58  Roach x4  
  150  18:11  Hydralisk x3  
  150  18:12  Hydralisk x3  
  162  18:28  Drone x3  
  162  18:29  Drone x3  
  162  18:31  Overlord x4  
  162  18:33  Anabolic Synthesis  
  168  18:37  Hatchery  
  168  18:39  Extractor x2  
  163  18:51  Lurker  
  163  18:52  Lurker x4  
  168  18:56  Roach x3  
  168  18:57  Roach x5  
  184  19:15  Roach x2  
  184  19:16  Chitinous Plating, Hydralisk x2, Roach x3  
  184  19:17  Hydralisk  
  194  19:19  Zerg Flyer Weapons Level 2  
  194  19:20  Zerg Flyer Armor Level 2  
  200  19:24  Hatchery  
  156  20:21  Corruptor x3  
  156  20:22  Corruptor x6  
  156  20:23  Corruptor x6  
  156  20:24  Corruptor  
  184  20:39  Lurker  
  184  20:40  Lurker x4  
  114  21:18  Corruptor x8  
  106  21:19  Corruptor x3  
Show
View Real Time Build Order
Export as new Build Order

아르타니스 Protoss - Winner!

Build Orders: Carriers, Zealot Archon 

Get SALT Encoding   

  12  0:00  Probe  
  13  0:19  Pylon  
  13  0:20  Probe  
  14  0:32  Probe (Chrono Boost)  
  15  0:39  Gateway  
  15  0:44  Probe (Chrono Boost)  
  15  0:47  Assimilator  
  16  0:51  Probe (Chrono Boost)  
  17  0:59  Probe  
  18  1:11  Probe  
  19  1:23  Probe  
  20  1:31  Cybernetics Core  
  20  1:35  Probe  
  20  1:39  Forge  
  21  1:47  Gateway  
  21  1:51  Pylon  
  21  1:53  Assimilator  
  21  1:54  Zealot (Chrono Boost)  
  23  2:09  Probe, Pylon  
  24  2:17  Photon Cannon  
  24  2:21  Warp Gate  
  24  2:24  Probe  
  25  2:35  Adept (Chrono Boost)  
  29  2:43  Adept (Chrono Boost)  
  29  2:54  Probe  
  30  3:07  Nexus  
  30  3:12  Probe  
  31  3:19  Stargate  
  31  3:31  Probe  
  32  3:41  Pylon  
  32  3:44  Twilight Council  
  32  3:46  Stalker  
  32  3:48  Sentry  
  36  4:05  Probe  
  37  4:12  Pylon  
  37  4:17  Probe  
  38  4:30  Probe  
  39  4:42  Probe  
  39  4:43  Probe  
  37  4:50  Charge (Chrono Boost)  
  37  4:54  Probe  
  37  4:57  Templar Archives  
  38  5:06  Forge  
  38  5:07  Forge  
  38  5:09  Gateway  
  38  5:11  Gateway  
  38  5:13  Gateway  
  38  5:15  Gateway  
  38  5:18  Shield Battery  
  38  5:36  Nexus  
  38  5:46  Pylon  
  38  5:50  Pylon  
  38  5:57  Protoss Ground Armor Level 1 (Chrono Boost), Protoss Ground Weapons Level 1 (Chrono Boost), Adept x2  
  42  6:06  Probe x2  
  42  6:09  Assimilator  
  42  6:10  Assimilator  
  44  6:14  Photon Cannon  
  44  6:19  Shield Battery  
  44  6:26  Probe x2  
  46  6:34  Protoss Shields Level 1 (Chrono Boost)  
  46  6:38  Probe x2  
  48  6:50  Pylon  
  48  6:54  Robotics Facility  
  48  7:00  Photon Cannon  
  48  7:02  Pylon  
  48  7:06  Probe (Chrono Boost)  
  51  7:11  Probe x2 (Chrono Boost)  
  52  7:16  Probe (Chrono Boost)  
  52  7:17  Adept  
  52  7:18  Adept x3  
  58  7:31  Probe x3  
  58  7:34  Photon Cannon  
  61  7:38  High Templar  
  61  7:39  High Templar  
  61  7:40  High Templar  
  61  7:41  High Templar  
  61  7:43  Archon  
  69  7:44  Archon  
  69  7:45  Immortal (Chrono Boost)  
  69  7:50  Probe x2  
  75  7:56  Probe  
  76  8:11  Assimilator  
  76  8:13  Pylon  
  76  8:14  Assimilator  
  76  8:16  Observer (Chrono Boost)  
  76  8:18  Robotics Facility  
  77  8:24  Robotics Bay  
  77  8:32  Photon Cannon  
  77  8:33  Shield Battery  
  77  8:37  Immortal  
  77  8:40  Zealot x2  
  85  8:44  Protoss Ground Weapons Level 2 (Chrono Boost)  
  85  8:45  Protoss Ground Armor Level 2 (Chrono Boost)  
  85  8:53  Probe x3  
  88  9:05  Probe  
  89  9:13  Pylon  
  89  9:16  Gateway  
  89  9:18  Gateway x2  
  89  9:20  Pylon  
  89  9:24  Oracle (Chrono Boost)  
  89  9:29  Extended Thermal Lance (Chrono Boost)  
  92  9:34  Colossus (Chrono Boost)  
  98  9:50  Zealot  
  98  9:51  Zealot x4  
  70  10:01  Zealot  
  64  10:14  Zealot x2  
  64  10:15  Zealot x5  
  73  10:31  Probe x2  
  73  10:32  Probe  
  73  10:35  Photon Cannon, Pylon  
  76  10:38  Colossus (Chrono Boost)  
  76  10:41  Colossus (Chrono Boost)  
  88  10:50  Probe x3  
  91  10:57  Oracle  
  91  11:02  Probe  
  95  11:09  Photon Cannon  
  95  11:10  Shield Battery  
  95  11:12  Pylon  
  95  11:14  High Templar x6  
  95  11:18  Archon x3  
  107  11:30  Disruptor (Chrono Boost)  
  107  11:32  Sentry x2, Disruptor (Chrono Boost)  
  119  11:56  Zealot  
  119  11:57  Zealot  
  93  12:13  Zealot x7  
  93  12:23  Observer  
  82  12:34  Zealot x8  
  98  12:43  Gateway  
  98  12:46  Protoss Ground Weapons Level 3 (Chrono Boost)  
  98  12:49  Photon Cannon, Shield Battery  
  98  12:53  Pylon  
  98  12:56  Protoss Ground Armor Level 3 (Chrono Boost)  
  98  12:59  Protoss Shields Level 2 (Chrono Boost)  
  98  13:02  High Templar  
  98  13:03  High Templar x4  
  108  13:06  Zealot x3  
  108  13:07  Archon  
  108  13:08  Archon  
  114  13:16  Gateway x2  
  114  13:19  Gateway  
  114  13:21  Gateway  
  114  13:32  Gateway  
  114  13:35  Gateway  
  114  13:38  Photon Cannon  
  114  13:40  Shield Battery  
  114  13:44  Photon Cannon  
  114  13:58  Nexus  
  114  13:59  Pylon  
  114  14:03  Disruptor x2 (Chrono Boost)  
  122  14:14  High Templar  
  122  14:15  High Templar x5  
  134  14:19  Archon  
  134  14:20  Archon x2  
  134  14:23  Zealot x4  
  142  14:24  Zealot  
  114  15:01  High Templar x5  
  114  15:06  Archon x2  
  124  15:08  Zealot x9  
  124  15:09  Zealot  
  144  15:37  Shield Battery  
  144  15:38  Assimilator  
  144  15:41  Shield Battery  
  144  15:42  Photon Cannon  
  144  15:46  Pylon  
  144  15:47  Assimilator  
  144  15:49  Fleet Beacon, Photon Cannon  
  144  15:52  Stargate  
  144  15:54  Stargate  
  144  15:58  Protoss Shields Level 3 (Chrono Boost)  
  144  15:59  Pylon  
  144  16:05  Photon Cannon  
  144  16:06  Photon Cannon, Shield Battery  
  144  16:11  Shield Battery  
  144  16:17  Shield Battery  
  144  16:18  Oracle  
  147  16:25  Disruptor (Chrono Boost)  
  147  16:26  Disruptor (Chrono Boost)  
  155  16:35  Photon Cannon  
  147  17:24  Carrier x3 (Chrono Boost)  
  139  18:07  Zealot x3  
  139  18:08  Zealot x11  
  139  18:09  Zealot  
  169  18:21  Carrier (Chrono Boost)  
  169  18:22  Carrier (Chrono Boost)  
  187  18:28  Carrier (Chrono Boost)  
  187  18:32  Photon Cannon  
  186  19:06  High Templar x5  
  186  19:07  Photon Cannon  
  196  19:10  Photon Cannon  
  196  19:11  Archon  
  196  19:12  Archon  
  196  19:31  Nexus  
  196  19:33  Pylon  
  196  19:35  Pylon  
  196  19:52  Observer x2  
  168  20:21  Warp Prism  
  168  20:28  Zealot x8  
  176  20:29  Zealot x5  
  166  21:23  Zealot  
  166  21:24  High Templar x7  
  166  21:25  High Templar x7  
  192  21:26  Warp Prism  
  192  21:29  Archon x2  
  192  21:30  Archon x5  
  190  22:02  Zealot x3  
Tags
 
Add a new tag
Caveats
  • Supply blocks, unpowered buildings, or Contaminate may cause inaccurate times.
  • Supply counts are checked every 10 seconds.